Map: Traitor's Exile

Players

NguyenSanity - Winner!

  • Race: Zerg Zerg
  • League: Master
  • Spawn Location: 12:00

Dreamer - Winner!

  • Race: Terran Terran
  • Spawn Location: 9:00

orlando

  • Race: Protoss Protoss
  • Spawn Location: 6:00

Leon

  • Race: Terran Terran
  • League: Diamond
  • Spawn Location: 5:00

VOD

Have the link to the VOD?

Description

Cheesy 1 base 3 ravager all in

Time

  • Played on: Jan. 3, 2019, 10:18 a.m.
  • Length: 5:34
Show
View Real Time Build Order
Export as new Build Order

NguyenSanity Zerg - Winner!

Build Orders: Pool Only, Ravager All-In 

Get SALT Encoding   

  12  0:19  Spawning Pool  
  11  0:23  Drone  
  11  0:27  Drone  
  13  0:31  Drone  
  14  0:36  Extractor  
  14  0:39  Drone  
  14  0:43  Extractor  
  14  0:46  Drone  
  14  1:07  Roach Warren  
  14  1:09  Drone  
  14  1:17  Overlord  
  14  1:48  Roach x2  
  14  1:49  Roach  
  20  1:59  Overlord  
  20  2:11  Roach  
  22  2:19  Ravager x3  
  25  2:30  Roach  
  25  2:36  Ravager  
  28  2:49  Roach  
  30  2:52  Overlord  
  30  3:17  Roach  
  30  3:18  Roach x2  
  33  3:30  Ravager  
  33  3:31  Ravager  
  35  3:50  Queen  
  37  4:08  Overlord  
  35  4:17  Roach x2  
  22  4:42  Queen  
  24  4:48  Drone x2  
Show
View Real Time Build Order
Export as new Build Order

Dreamer Terran - Winner!

Build Orders: Gas First Reaper Expand 

Get SALT Encoding   

  12  0:00  SCV  
  13  0:13  SCV  
  14  0:19  Supply Depot  
  14  0:25  SCV  
  15  0:29  Refinery  
  15  0:40  SCV  
  16  0:48  Barracks  
  16  0:53  SCV  
  17  1:05  SCV  
  18  1:17  SCV  
  19  1:35  Reaper, Orbital Command  
  20  1:46  Command Center  
  20  1:52  Supply Depot  
  20  2:00  SCV  
  21  2:12  SCV, Barracks Reactor  
  22  2:25  SCV  
  22  2:27  Barracks  
  22  2:28  Barracks  
  23  2:37  SCV  
  24  2:43  Refinery  
  24  2:49  SCV  
  25  3:04  SCV  
  27  3:05  Orbital Command  
  26  3:13  Marine x2  
  26  3:14  Barracks Tech Lab  
  26  3:18  SCV, Factory  
  29  3:24  Marine  
  30  3:31  Marine x2  
  30  3:32  SCV x2  
  30  3:33  Marine  
  35  3:42  Marine  
  36  3:49  Marine x2  
  36  3:51  SCV x2, Marine  
  36  3:54  Supply Depot  
  41  3:56  Supply Depot  
  41  4:00  Marine  
  42  4:03  Starport, Factory Reactor  
  42  4:06  Marine  
  42  4:07  Marine  
  45  4:10  SCV x2  
  45  4:16  Marine  
  47  4:17  Marine  
  47  4:23  SCV x2  
  50  4:25  Marine  
  51  4:35  SCV  
  52  4:40  SCV  
  53  4:53  Medivac x2  
  53  4:54  Marine x4  
  53  4:55  SCV  
  53  4:58  Barracks  
  53  4:59  Barracks, Supply Depot  
  61  5:01  Barracks  
  61  5:02  Supply Depot  
  61  5:11  Marine  
Show
View Real Time Build Order
Export as new Build Order

orlando Protoss 

Build Orders:  

Get SALT Encoding   

  12  0:01  Probe  
  13  0:13  Probe  
  14  0:23  Pylon  
  14  0:26  Probe  
  15  0:33  Assimilator  
  15  0:41  Probe  
  16  0:49  Gateway  
  16  0:53  Probe  
  17  0:58  Assimilator  
  17  1:05  Probe  
  17  1:10  Pylon  
  18  1:17  Probe  
  19  1:29  Probe  
  20  1:39  Cybernetics Core  
  20  1:41  Probe  
  20  1:43  Forge  
  21  1:54  Probe  
  22  2:06  Probe  
  23  2:18  Probe  
  24  2:29  Stargate, Probe  
  24  2:32  Pylon  
  25  2:37  Probe  
  26  2:45  Probe  
  26  2:47  Nexus  
  27  2:57  Zealot  
  29  3:02  Void Ray  
  33  3:31  Probe  
  24  4:23  Probe  
  14  4:30  Probe  
  11  4:31  Probe  
  10  4:38  Probe  
  10  4:41  Probe  
  12  4:48  Probe  
  12  4:53  Probe  
  12  5:05  Probe  
  8  5:17  Probe  
Show
View Real Time Build Order
Export as new Build Order

Leon Terran 

Build Orders: Reaper Expand 

Get SALT Encoding   

  12  0:01  SCV  
  13  0:14  SCV  
  14  0:18  Supply Depot  
  14  0:26  SCV  
  15  0:40  SCV  
  15  0:42  Barracks  
  16  0:47  Refinery  
  16  0:52  SCV  
  17  1:04  SCV  
  18  1:20  SCV  
  19  1:30  Reaper  
  20  1:34  Orbital Command  
  20  1:50  Command Center  
  20  2:07  SCV  
  21  2:14  Refinery, Factory  
  20  2:23  Supply Depot  
  20  2:25  SCV, Barracks Reactor  
  21  2:40  SCV  
  21  3:16  Orbital Command  
  2  3:50  SCV x2  
  4  3:57  Barracks Reactor  
  4  4:02  SCV x2  
  6  4:07  Supply Depot  
  6  4:13  Supply Depot  
  6  4:14  SCV x2  
  6  4:16  Factory Tech Lab  
  8  4:43  Siege Tank  
  11  4:51  Marine  
  11  4:52  Marine  
  12  5:18  SCV x2  
Tags
 
Add a new tag
Caveats
  • Supply blocks, unpowered buildings, or Contaminate may cause inaccurate times.
  • Supply counts are checked every 10 seconds.